 Seeded DCSS version 0.30-a0-739-gea05faddec (webtiles) character file.

Game seed: 4218672823355768592 (custom seed)

798 timneilson the Shield-Bearer (level 7, -1/44 HPs)
             Began as a Gargoyle Fighter on Feb 5, 2023.
             Slain by an orc
             ... wielding a +0 flail
              (8 damage)
             ... on level 5 of the Dungeon.
             The game lasted 00:08:29 (3830 turns).

timneilson the Shield-Bearer (Gargoyle Fighter)     Turns: 3830, Time: 00:08:29

Health: -1/44      AC:  6    Str: 18    XL:     7   Next: 90%
Magic:  7/7        EV:  6    Int:  8    God:
Gold:   1231       SH: 10    Dex: 15    Spells: 6/6 levels left

rFire   . . .      SeeInvis .    a - +0 long sword
rCold   . . .      Faith    .    n - +0 kite shield
rNeg    + . .      Spirit   .    c - +0 chain mail
rPois   ∞          Reflect  .    (no helmet)
rElec   +          Harm     .    (no cloak)
rCorr   .          Rampage  .    (no gloves)
Will    .....                    (no boots) Stlth
                                 h - amulet of the acrobat
HPRegen 0.27/turn                (no ring)
MPRegen 0.10/turn                (no ring)

@: corroded
A: sickness immunity, AC +4, negative energy resistance 1, electricity
resistance, torment resistance 1, petrification resistance, agile 1, evolution 1
a: no special abilities


You were on level 5 of the Dungeon.
You visited 1 branch of the dungeon, and saw 5 of its levels.

You collected 1231 gold pieces.

Inventory:

Hand Weapons
 a - a +0 long sword (weapon)
Armour
 c - a +0 chain mail (worn)
 n - a +0 kite shield (worn)
 o - a +0 plate armour
Jewellery
 h - an amulet of the acrobat (around neck)
Wands
 p - a wand of flame (20)
Scrolls
 b - a scroll of identify
 f - 3 scrolls of fear
 g - 5 scrolls of teleportation
Potions
 d - a potion of flight {unknown}
 e - 2 potions of brilliance
 i - 3 potions of curing
 j - a potion of haste {unknown}
 k - a potion of mutation
 l - a potion of berserk rage {unknown}
 m - a potion of lignification {unknown}


   Skills:
 + Level 4.5 Fighting
 * Level 4.1 Long Blades
 * Level 5.4 Armour
 + Level 2.1 Dodging
 * Level 5.6 Shields
 + Level 1.5 Evocations


You had 6 spell levels left.
You didn't know any spells.
Your spell library contained the following spells:

 Spells                   Type           Power      Damage    Failure   Level
 Wereblood                Tmut           0%         N/A       100%        2
 Ozocubu's Armour         Ice            0%         N/A       100%        3
 Vhi's Electric Charge    Tloc/Air       0%         N/A       100%        3
 Arcjolt                  Conj/Air       0%         1d10      100%        5
 Metabolic Englaciation   Hex/Ice        0%         N/A       100%        5
 Simulacrum               Ice/Necr       0%         N/A       100%        6
 Summon Hydra             Summ           0%         N/A       100%        7
 Maxwell's Capacitive Co  Air            0%         ∞         100%        8
 Sublimation of Blood     Necr           Unusable   N/A       N/A         2

Dungeon Overview and Level Annotations

Branches:
Dungeon (5/15)
 Temple: D:4-7

Altars:
Gozag
Kikubaaqudgha


Innate Abilities, Weirdness & Mutations

You are immune to sickness and miasma.
Your stone body is resilient. (AC +4)
You are immune to poison.
You resist negative energy. (rN+)
You are resistant to electric shocks. (rElec)
You are resistant to unholy torment.
You are immune to petrification.
You are agile. (Dex +4, Str/Int -1)
You have hidden genetic potential.


Message History

The jelly is moderately wounded.
The jelly hits you.
You are splashed with acid!
You are too injured to fight recklessly!
You are too injured to fight recklessly!
You are too injured to fight recklessly!
You are too injured to fight recklessly!
You are too injured to fight recklessly!
You are too injured to fight recklessly!
You are too injured to fight recklessly!
You are too injured to fight recklessly!
You are too injured to fight recklessly!
You are too injured to fight recklessly!
You barely miss the jelly.
The jelly is moderately wounded.
You block the jelly's attack.
You hit the jelly but do no damage.
Your hands burn!
The jelly is moderately wounded.
You block the jelly's attack. The jelly hits you but does no damage.
It was a potion of mutation.
You feel extremely strange.
You feel agile.
You feel a hidden potential growing inside you.
The jelly barely misses you.
You hit the jelly. The acid corrodes you!
Your hands burn!
* * * LOW HITPOINT WARNING * * *
The jelly is severely wounded.
You block the jelly's attack.
You hit the jelly. The acid corrodes you!
Your hands burn!
* * * LOW HITPOINT WARNING * * *
The jelly is almost dead.
The white imp puffs mist at you. The jelly hits you but does no damage.
You slash the jelly!
You kill the jelly!
You block the orc's attack.
You barely miss the orc. The orc hits you with a +0 flail.
* * * LOW HITPOINT WARNING * * *
You barely miss the orc. You block the orc's attack.
The white imp sputters.
You closely miss the orc. The orc hits you with a +0 flail!
You die...

# #.#.#.# #.....#
#.###.#.#.# ###.###
..........## #.#
..........#####.###
#...............
###†##.#####.###
#.##... ...#
#.#########.##########
#....5o@....#
#############


You could see a white imp and an orc.

Vanquished Creatures
  Eustachio (D:5)
  A black bear (D:5)
  A bullfrog (D:4)
  2 scorpions (D:4)
  4 wights (D:4)
  A jelly (D:5)
  An orc wizard (D:3)
  3 adders
  An ufetubus (D:5)
  2 worms
  A dart slug (D:4)
  9 orcs
  4 ball pythons
  3 bats
  6 endoplasms
  3 giant cockroaches (D:1)
  9 goblins
  8 hobgoblins
  3 jackals (D:1)
  6 kobolds
  4 quokkas
  3 frilled lizards
  5 rats
81 creatures vanquished.

Notes
Turn   | Place    | Note
-------+----------+-------------------------------------------
     0 | D:1      | timneilson the Gargoyle Fighter began the quest for the
                  | Orb.
     0 | D:1      | Reached XP level 1. HP: 14/14 MP: 1/1
   189 | D:1      | Reached XP level 2. HP: 16/19 MP: 2/2
   476 | D:1      | Reached XP level 3. HP: 21/23 MP: 3/3
  1516 | D:2      | Reached XP level 4. HP: 28/28 MP: 4/4
  1534 | D:2      | Identified a scroll of acquirement
  1534 | D:2      | Acquired 1032 gold pieces
  1959 | D:3      | Reached skill level 1 in Dodging
  2607 | D:4      | Reached XP level 5. HP: 33/33 MP: 5/5
  2934 | D:4      | Reached XP level 6. HP: 25/38 MP: 6/6
  3142 | D:4      | Reached skill level 5 in Shields
  3154 | D:4      | Reached skill level 1 in Evocations
  3154 | D:4      | Reached XP level 7. HP: 29/43 MP: 7/7
  3166 | D:4      | Reached skill level 5 in Armour
  3425 | D:4      | Found an ancient bone altar of Kikubaaqudgha.
  3487 | D:5      | Entered Level 5 of the Dungeon
  3552 | D:5      | Found an opulent altar of Gozag.
  3562 | D:5      | Noticed Eustachio
  3590 | D:5      | Killed Eustachio
  3824 | D:5      | Gained mutation: You are agile. (Dex +4, Str/Int -1)
                  | [potion of mutation]
  3824 | D:5      | Gained mutation: You have hidden genetic potential. [potion
                  | of mutation]
  3830 | D:5      | Slain by an orc

Illustrated notes

Levels and vault maps discovered:
D:1:      dpeg_arrival_more_subterranean_lakeside_camping, layout_basic,
          serial_curves, eino_curves_01, eino_curves_02
D:2:      layout_basic
D:3:      layout_basic, hex_medium
D:4:      layout_loops_ring, nicolae_overflow_hidden_temple
D:5:      layout_loops_ring, grunt_gozag_statues, gammafunk_ghost_nasty_kobolds,
          nrook_loot_triangle, kennysheep_generic_room_14,
          uniq_crazy_yiuf_cottage, uniq_ijyb, uniq_eustachio

Skill      XL: |  1  2  3  4  5  6  7 |
---------------+----------------------+-----
Long Blades    | 2 3 4 |  4.1
Armour         | 4 5 |  5.4
Dodging        | 1 2 |  2.1
Shields        | 4 5 |  5.6
Fighting       | 4 |  4.5
Evocations     | 1 |  1.5

Action                     |  1- 3 |  4- 6 |  7- 9 || total
---------------------------+-------+-------+-------++-------
  Melee: Long sword        |   127 |   184 |   109 ||   420
    Use: Scroll            |     7 |     4 |       ||    11
         Potion            |       |     2 |     2 ||     4
 Armour: Scale mail        |    79 |    65 |       ||   144
         Chain mail        |       |    48 |   130 ||   178
  Dodge: Dodged            |    64 |    49 |    59 ||   172
  Block: Buckler           |    27 |       |       ||    27
         Kite shield       |       |    86 |   100 ||   186

Table legend: (Time is in decaauts)
 A = Elapsed time spent in this place.
 B = Non-inter-level travel time spent in this place.
 C = Inter-level travel time spent in this place.
 D = Time resting spent in this place.
 E = Time spent auto-exploring this place.
 F = Levels seen in this place.
 G = Mean time per level.
                   A        B        C        D        E       F      G
               +--------+--------+--------+--------+--------+-----+--------+
         Total |   3987 |   3867 |    120 |     46 |   2587 |   5 |  797.4 |
       Dungeon |   3987 |   3867 |    120 |     46 |   2587 |   5 |  797.4 |
               +--------+--------+--------+--------+--------+-----+--------+

Top non-repeatable levels by time:
     D:2: 1008 daAuts
     D:4: 963 daAuts
     D:3: 881 daAuts
     D:1: 759 daAuts
     D:5: 374 daAuts
